 Dungeon Crawl Stone Soup version 0.27-a0-1219-g958d993ae5 (webtiles) character file.

Game seed: 14043251075065305394

79 polve the Ruffian (level 4, 0/44 HPs)
             Began as a Troll Fighter on June 6, 2021.
             Slain by a gnoll
             ... wielding a +1 vorpal halberd
              (3 damage)
             ... on level 2 of the Dungeon.
             The game lasted 00:01:05 (1181 turns).

polve the Ruffian (Troll Fighter)                   Turns: 1181, Time: 00:01:05

Health: 0/44       AC:  4    Str: 24    XL:     4   Next: 17%
Magic:  3/3        EV:  8    Int:  4    God:
Gold:   27         SH:  8    Dex: 10    Spells: 3/3 levels left

rFire    . . .     SeeInvis .     - Unarmed
rCold    . . .     Faith    .   b - +0 kite shield
rNeg     . . .     Spirit   .   a - +0 robe
rPois    .         Reflect  .   (helmet restricted)
rElec    .         Harm     .   (no cloak)
rCorr    .         Rampage  .   (gloves unavailable)
Will     .....                  (boots unavailable)
Stlth    +.........             (no amulet)
HPRegen  1.14/turn              (no ring)
MPRegen  0.08/turn              (no ring)

@: no status effects
A: large, unfitting armour, claws 3, regeneration 1, shaggy fur 1, tough skin 1
a: no special abilities


You were on level 2 of the Dungeon.
You visited 1 branch of the dungeon, and saw 2 of its levels.

You collected 27 gold pieces.

Inventory:

Missiles
 f - 4 large rocks (quivered)
Armour
 a - a +0 robe (worn)
 b - a +0 kite shield (worn)
Scrolls
 d - 2 scrolls of noise {unknown}
 e - 2 scrolls of teleportation {unknown}
Potions
 c - a potion of might


   Skills:
 - Level 2.4 Fighting
 - Level 2.4 Dodging
 - Level 2.4 Shields
 + Level 4.5 Unarmed Combat


You had 3 spell levels left.
You didn't know any spells.
Your spell library was empty.

Dungeon Overview and Level Annotations

Branches:
Dungeon (2/15)

Altars:

Annotations:
D:2 Jessica


Innate Abilities, Weirdness & Mutations

You are too large for most types of armour.
You have claws for hands.
Your natural rate of healing is unusually fast.
You are covered in fur. (AC +1)
You have tough skin. (AC +1)


Message History

You claw the gnoll!
You kill the gnoll!
You block the ball python's attack. The gnoll completely misses you.
The gnoll hits you from afar with a +0 spear.
The ball python bites you but does no damage.
You claw the ball python!
You kill the ball python!
The gnoll hits you from afar with a +1 vorpal halberd!
You block the gnoll's attack.
The gnoll hits you from afar with a +1 vorpal halberd.
You are too injured to fight recklessly!
You are too injured to fight recklessly!
You are too injured to fight recklessly!
You are too injured to fight recklessly!
You are too injured to fight recklessly!
You are too injured to fight recklessly!
You are too injured to fight recklessly!
You are too injured to fight recklessly!
You are too injured to fight recklessly!
You are too injured to fight recklessly!
You are too injured to fight recklessly!
You are too injured to fight recklessly!
You are too injured to fight recklessly!
You are too injured to fight recklessly!
You are too injured to fight recklessly!
You are too injured to fight recklessly!
You are too injured to fight recklessly!
You are too injured to fight recklessly!
You are too injured to fight recklessly!
You are too injured to fight recklessly!
You are too injured to fight recklessly!
You are too injured to fight recklessly!
You are too injured to fight recklessly!
The gnoll hits you from afar with a +1 vorpal halberd!
* * * LOW HITPOINT WARNING * * *
You swing at nothing.
You block the gnoll's attack. The gnoll closely misses you.
The gnoll hits you from afar with a +1 vorpal halberd!
* * * LOW HITPOINT WARNING * * *
You die...

#.# #.# #.# #######
#######'## .......
.........# .......
.........###.......
.........##........
.........##g.......
.........@.g@g.....
.........##g.......
.........##........
.........##........
##########........
#.#+##### #.# .#


You could see 4 gnolls and Jessica.

Vanquished Creatures
  3 gnolls
  2 dart slugs (D:1)
  3 ball pythons
  3 bats (D:1)
  2 endoplasms (D:1)
  2 giant cockroaches (D:1)
  7 goblins (D:1)
  A hobgoblin (D:1)
  8 jackals (D:1)
  2 quokkas (D:1)
  A frilled lizard (D:1)
  4 kobolds (D:1)
  3 rats (D:1)
41 creatures vanquished.

Notes
Turn   | Place    | Note
-------+----------+-------------------------------------------
     0 | D:1      | polve the Troll Fighter began the quest for the Orb.
     0 | D:1      | Reached XP level 1. HP: 22/22 MP: 0/0
    31 | D:1      | Reached XP level 2. HP: 20/29 MP: 1/1
   113 | D:1      | Reached skill level 3 in Unarmed Combat
   211 | D:1      | Reached XP level 3. HP: 36/36 MP: 2/2
   444 | D:1      | Reached skill level 4 in Unarmed Combat
   822 | D:1      | Reached XP level 4. HP: 44/44 MP: 3/3
  1171 | D:2      | Noticed Jessica
  1181 | D:2      | Slain by a gnoll

Illustrated notes

Levels and vault maps discovered:
D:1:      eino_arrival_water_cross, layout_basic, serial_co_window_serial,
          co_window_of_opportunity_a, co_window_cross_1, co_window_corner_a,
          co_window_corner_a, co_window_paths_a, co_window_corner_a,
          co_window_paths_b, co_window_broadway_b, co_window_corner_b,
          co_window_broadway_c, co_window_paths_e, glass_columns_a,
          glass_columns_a, glass_columns_a, glass_columns_c, glass_columns_b,
          serial_park_tiny_1
D:2:      layout_basic, hellmonk_ecumenical_altar_run_dry, uniq_jessica

Skill      XL: |  1  2  3 |
---------------+----------+-----
Unarmed Combat | 3 4 |  4.5
Fighting       | |  2.4
Dodging        | |  2.4
Shields        | |  2.4

Action                   |  1- 3 |  4- 6 || total
-------------------------+-------+-------++-------
Melee: Unarmed           |    88 |     5 ||    93
 Stab: Sleeping          |     1 |       ||     1
Armor: Robe              |    28 |     3 ||    31
Dodge: Dodged            |    30 |     6 ||    36
Block: Kite shield       |    45 |     7 ||    52

Table legend: (Time is in decaauts)
 A = Elapsed time spent in this place.
 B = Non-inter-level travel time spent in this place.
 C = Inter-level travel time spent in this place.
 D = Time resting spent in this place.
 E = Time spent auto-exploring this place.
 F = Levels seen in this place.
 G = Mean time per level.
                   A        B        C        D        E       F      G
               +--------+--------+--------+--------+--------+-----+--------+
         Total |   1194 |   1130 |     64 |      0 |    886 |   2 |  597.0 |
       Dungeon |   1194 |   1130 |     64 |      0 |    886 |   2 |  597.0 |
               +--------+--------+--------+--------+--------+-----+--------+

Top non-repeatable levels by time:
     D:1: 1163 daAuts
     D:2: 31 daAuts
